| TOP OF THE 1ST |
|
Trois-Riveres Aigles batting - Pitching for Niagara Falls Phantoms : RHP Rick Shaw
|
|
Pitching: RHP Rick Shaw
|
|
|
Batting: RHB Luis Jara
|
0-0: Called Strike 0-1: Ball 1-1: Swinging Strike 1-2: Ball 2-2: Foul Ball, location: 2F 2-2: Strikes out swinging
|
|
Batting: RHB Micah Logan
|
0-0: Ball 1-0: Foul Ball, location: 2F 1-1: Fly out, F7 (Flyball, 78D, EV 91.9 MPH)
|
|
Batting: RHB Toshikatsu Omori
|
0-0: Foul Ball, location: 2F 0-1: Foul Ball, location: 2F 0-2: SINGLE (Flyball, 9S, EV 91.9 MPH)
|
|
Batting: RHB Sandoval Serzedelo
|
0-0: Ball 1-0: Swinging Strike 1-1: Swinging Strike 1-2: Ground out U3 (Groundball, 3, EV 83.8 MPH)
|
| Top of the 1st over - 0 runs, 1 hit, 0 errors, 1 left on base; Trois-Riveres 0 - Niagara Falls 0 |
| BOTTOM OF THE 1ST |
|
Niagara Falls Phantoms batting - Pitching for Trois-Riveres Aigles : RHP Nae-wi Choe
|
|
Pitching: RHP Nae-wi Choe
|
|
|
Batting: LHB Luis Ponce
|
0-0: Ball 1-0: Foul Ball, location: 2F 1-1: Ball 2-1: Ball 3-1: Ground out 6-3 (Groundball, 6, EV 80.6 MPH)
|
|
Batting: SHB Bruce Shelton
|
0-0: Ball 1-0: Foul Ball, location: 2F 1-1: Ball 2-1: Swinging Strike 2-2: Strikes out looking
|
|
Batting: RHB Jose Villanueva
|
0-0: Ball 1-0: Ball 2-0: Foul Ball, location: 2F 2-1: Foul Ball, location: 2F 2-2: Foul Ball, location: 2F 2-2: Ball 3-2: Strikes out swinging
|
| Bottom of the 1st over - 0 runs, 0 hits, 0 errors, 0 left on base; Trois-Riveres 0 - Niagara Falls 0 |
| TOP OF THE 2ND |
|
Trois-Riveres Aigles batting - Pitching for Niagara Falls Phantoms : RHP Rick Shaw
|
|
Batting: RHB Chris Davis
|
0-0: Ball 1-0: Ground out 6-3 (Groundball, 6M, EV 98.1 MPH)
|
|
Batting: RHB Alistair Holmes
|
0-0: Ground out 6-3 (Groundball, 56, EV 87.5 MPH)
|
|
Batting: RHB George Connell
|
0-0: Ball 1-0: Called Strike 1-1: Fly out, F6 (Line Drive, 6M, EV 70.6 MPH)
|
| Top of the 2nd over - 0 runs, 0 hits, 0 errors, 0 left on base; Trois-Riveres 0 - Niagara Falls 0 |
| BOTTOM OF THE 2ND |
|
Niagara Falls Phantoms batting - Pitching for Trois-Riveres Aigles : RHP Nae-wi Choe
|
|
Batting: RHB Scott Cuff
|
0-0: Ball 1-0: Called Strike 1-1: Fly out, F9 (Line Drive, 89M, EV 103.1 MPH)
|
|
Batting: RHB Bailey Hays
|
0-0: Foul Ball, location: 2F 0-1: Ball 1-1: Called Strike 1-2: Foul Ball, location: 2F 1-2: Ball 2-2: Strikes out looking
|
|
Batting: LHB Victor Reyna
|
0-0: Ball 1-0: Called Strike 1-1: Fly out, F7 (Line Drive, 7S, EV 93.1 MPH)
|
| Bottom of the 2nd over - 0 runs, 0 hits, 0 errors, 0 left on base; Trois-Riveres 0 - Niagara Falls 0 |
| TOP OF THE 3RD |
|
Trois-Riveres Aigles batting - Pitching for Niagara Falls Phantoms : RHP Rick Shaw
|
|
Batting: RHB Willie Acevedo
|
0-0: Ball 1-0: Ball 2-0: Ball 3-0: Called Strike 3-1: Base on Balls
|
|
Batting: RHB Gilbert Hoareau
|
0-0: Called Strike Willie Acevedo steals 2nd base 0-1: Ball 1-1: Foul Ball, location: 2F 1-2: Strikes out swinging
|
|
Batting: RHB Luis Jara
|
0-0: Called Strike 0-1: Fly out, F3 (Popup, 3S, EV 71.2 MPH)
|
|
Batting: RHB Micah Logan
|
0-0: Swinging Strike 0-1: Called Strike 0-2: Foul Ball, location: 2F 0-2: Ground out U3 (Groundball, 34, EV 104.4 MPH)
|
| Top of the 3rd over - 0 runs, 0 hits, 0 errors, 1 left on base; Trois-Riveres 0 - Niagara Falls 0 |
| BOTTOM OF THE 3RD |
|
Niagara Falls Phantoms batting - Pitching for Trois-Riveres Aigles : RHP Nae-wi Choe
|
|
Batting: RHB Jonathan Feldstein
|
0-0: Ball 1-0: Called Strike 1-1: Fly out, F8 (Line Drive, 8LD, EV 90.6 MPH)
|
|
Batting: LHB Dave Ortiz
|
0-0: Foul Ball, location: 2F 0-1: Ball 1-1: Ball 2-1: Called Strike 2-2: Ground out 4-3 (Groundball, 4, EV 88.8 MPH)
|
|
Batting: RHB Juan Perez
|
0-0: Ball 1-0: Foul Ball, location: 2F 1-1: Foul Ball, location: 2F 1-2: Ball 2-2: Foul Ball, location: 2F 2-2: Strikes out looking
|
| Bottom of the 3rd over - 0 runs, 0 hits, 0 errors, 0 left on base; Trois-Riveres 0 - Niagara Falls 0 |
| TOP OF THE 4TH |
|
Trois-Riveres Aigles batting - Pitching for Niagara Falls Phantoms : RHP Rick Shaw
|
|
Batting: RHB Toshikatsu Omori
|
0-0: Ground out 6-3 (Groundball, 6, EV 98.1 MPH)
|
|
Batting: RHB Sandoval Serzedelo
|
0-0: Ball 1-0: Called Strike 1-1: DOUBLE (Groundball, 5L, EV 105.0 MPH)
|
|
Batting: RHB Chris Davis
|
0-0: Ball 1-0: Called Strike 1-1: Ball 2-1: SINGLE (Line Drive, 7S, EV 108.1 MPH) Sandoval Serzedelo to third
|
|
Batting: RHB Alistair Holmes
|
0-0: Foul Ball, location: 2F 0-1: Grounds into double play, 4-6-3 (Groundball, 4, EV 85.0 MPH)
|
| Top of the 4th over - 0 runs, 2 hits, 0 errors, 1 left on base; Trois-Riveres 0 - Niagara Falls 0 |
| BOTTOM OF THE 4TH |
|
Niagara Falls Phantoms batting - Pitching for Trois-Riveres Aigles : RHP Nae-wi Choe
|
|
Batting: LHB Luis Ponce
|
0-0: Ball 1-0: Ground out U3 (Groundball, 3, EV 93.8 MPH)
|
|
Batting: SHB Bruce Shelton
|
0-0: Called Strike 0-1: Ball 1-1: Ball 2-1: Ball 3-1: Foul Ball, location: 2F 3-2: Foul Ball, location: 2F 3-2: Base on Balls
|
|
Batting: RHB Jose Villanueva
|
0-0: Ball 1-0: Foul Ball, location: 2F 1-1: Ball 2-1: Swinging Strike 2-2: Foul Ball, location: 2F 2-2: Foul Ball, location: 2F 2-2: Grounds into double play, 6-4-3 (Groundball, 6, EV 101.9 MPH)
|
| Bottom of the 4th over - 0 runs, 0 hits, 0 errors, 0 left on base; Trois-Riveres 0 - Niagara Falls 0 |
| TOP OF THE 5TH |
|
Trois-Riveres Aigles batting - Pitching for Niagara Falls Phantoms : RHP Rick Shaw
|
|
Batting: RHB George Connell
|
0-0: Ball 1-0: Swinging Strike 1-1: Ball 2-1: Swinging Strike 2-2: Ball 3-2: Strikes out swinging
|
|
Batting: RHB Willie Acevedo
|
0-0: Ball 1-0: Ground out 4-3 (Groundball, 4, EV 84.4 MPH)
|
|
Batting: RHB Gilbert Hoareau
|
0-0: Ball 1-0: Swinging Strike 1-1: Foul Ball, location: 2F 1-2: Ball 2-2: SINGLE (Line Drive, 7LS, EV 102.5 MPH)
|
|
Batting: RHB Luis Jara
|
0-0: Ball 1-0: Called Strike 1-1: Swinging Strike 1-2: SINGLE (Groundball, 34S, EV 78.1 MPH) (infield hit) Gilbert Hoareau to second
|
|
Batting: RHB Micah Logan
|
0-0: Ball 1-0: Fly out, F2 (Popup, 3SF, EV 82.5 MPH)
|
| Top of the 5th over - 0 runs, 2 hits, 0 errors, 2 left on base; Trois-Riveres 0 - Niagara Falls 0 |
| BOTTOM OF THE 5TH |
|
Niagara Falls Phantoms batting - Pitching for Trois-Riveres Aigles : RHP Nae-wi Choe
|
|
Batting: RHB Scott Cuff
|
0-0: Called Strike 0-1: Fly out, F6 (Line Drive, 6M, EV 65.6 MPH)
|
|
Batting: RHB Bailey Hays
|
0-0: Ball 1-0: Called Strike 1-1: Ball 2-1: Ground out 6-3 (Groundball, 6, EV 86.2 MPH)
|
|
Batting: LHB Victor Reyna
|
0-0: Ball 1-0: Called Strike 1-1: Fly out, F9 (Flyball, 9, EV 82.5 MPH)
|
| Bottom of the 5th over - 0 runs, 0 hits, 0 errors, 0 left on base; Trois-Riveres 0 - Niagara Falls 0 |
| TOP OF THE 6TH |
|
Trois-Riveres Aigles batting - Pitching for Niagara Falls Phantoms : RHP Rick Shaw
|
|
Batting: RHB Toshikatsu Omori
|
0-0: Ball 1-0: Foul Ball, location: 2F 1-1: Ball 2-1: Ball 3-1: Foul Ball, location: 2F 3-2: Foul Ball, location: 2F 3-2: Reached on error, E2 (Groundball, 13S, EV 65.0 MPH)
|
|
Batting: RHB Sandoval Serzedelo
|
0-0: Intentional Walk
|
|
Batting: RHB Chris Davis
|
0-0: Ball 1-0: Foul Ball, location: 2F 1-1: Ball 2-1: Fielders Choice at 2nd, 6-4 (Groundball, 56, EV 86.9 MPH) Toshikatsu Omori to third
|
|
Batting: RHB Alistair Holmes
|
0-0: Squeeze Bunt to 2R - play home, runner scores, batter safe! Toshikatsu Omori scores Chris Davis to second
|
|
Batting: RHB George Connell
|
0-0: Called Strike 0-1: Grounds into double play, 6-4-3 (Groundball, 6, EV 83.1 MPH)
|
| Top of the 6th over - 1 run, 0 hits, 1 error, 1 left on base; Trois-Riveres 1 - Niagara Falls 0 |
| BOTTOM OF THE 6TH |
|
Niagara Falls Phantoms batting - Pitching for Trois-Riveres Aigles : RHP Nae-wi Choe
|
|
Batting: RHB Jonathan Feldstein
|
0-0: Foul Ball, location: 2F 0-1: Foul Ball, location: 2F 0-2: Strikes out swinging
|
|
Batting: LHB Dave Ortiz
|
0-0: Ball 1-0: Foul Ball, location: 2F 1-1: Foul Ball, location: 2F 1-2: Ball 2-2: Foul Ball, location: 2F 2-2: Ground out 4-3 (Groundball, 4, EV 88.8 MPH)
|
|
Batting: RHB Juan Perez
|
0-0: Ground out 6-3 (Groundball, 6, EV 84.4 MPH)
|
| Bottom of the 6th over - 0 runs, 0 hits, 0 errors, 0 left on base; Trois-Riveres 1 - Niagara Falls 0 |
| TOP OF THE 7TH |
|
Trois-Riveres Aigles batting - Pitching for Niagara Falls Phantoms : RHP Rick Shaw
|
|
Batting: RHB Willie Acevedo
|
0-0: Called Strike 0-1: Ball 1-1: Ball 2-1: Ball 3-1: SINGLE (Flyball, 8RS, EV 93.1 MPH)
|
|
Batting: RHB Gilbert Hoareau
|
0-0: Bunted foul 0-1: Reached on error, E3 (Groundball, 3S, EV 43.8 MPH) Willie Acevedo to third
|
|
Batting: RHB Luis Jara
|
0-0: Intentional Walk
|
|
Batting: RHB Micah Logan
|
0-0: Grounds into fielders choice 1-2 (Groundball, 13, EV 69.4 MPH) Gilbert Hoareau to third Luis Jara to second
|
|
Batting: RHB Toshikatsu Omori
|
0-0: Ball 1-0: SINGLE (Groundball, 34, EV 106.2 MPH) Gilbert Hoareau scores Luis Jara to third Micah Logan to second Runner from 3rd tries for Home, SAFE, throw by RF to home
|
|
Batting: RHB Sandoval Serzedelo
|
0-0: Ball 1-0: Called Strike 1-1: Ball 2-1: Foul Ball, location: 2F 2-2: Grounds out, U3 (Groundball, 3L, EV 93.8 MPH) Micah Logan to third
|
|
Batting: RHB Chris Davis
|
0-0: Reached on error, E6 (Groundball, 56, EV 102.5 MPH) Micah Logan scores Toshikatsu Omori to third
|
|
Batting: RHB Alistair Holmes
|
0-0: Called Strike 0-1: Swinging Strike 0-2: Fly out, F8 (Flyball, 8LD, EV 87.5 MPH)
|
| Top of the 7th over - 3 runs, 2 hits, 2 errors, 2 left on base; Trois-Riveres 4 - Niagara Falls 0 |
| BOTTOM OF THE 7TH |
|
Niagara Falls Phantoms batting - Pitching for Trois-Riveres Aigles : RHP Nae-wi Choe
|
|
Batting: LHB Luis Ponce
|
0-0: Called Strike 0-1: Foul Ball, location: 2F 0-2: Foul Ball, location: 2F 0-2: SINGLE (Line Drive, 56D, EV 100.0 MPH)
|
|
Batting: SHB Bruce Shelton
|
0-0: Ball 1-0: Swinging Strike 1-1: Called Strike 1-2: Strikes out swinging
|
|
Batting: RHB Jose Villanueva
|
0-0: Foul Ball, location: 2F 0-1: Ball 1-1: Grounds into double play, 4-6-3 (Groundball, 34, EV 78.1 MPH)
|
| Bottom of the 7th over - 0 runs, 1 hit, 0 errors, 0 left on base; Trois-Riveres 4 - Niagara Falls 0 |
| TOP OF THE 8TH |
|
Trois-Riveres Aigles batting - Pitching for Niagara Falls Phantoms : RHP Rick Shaw
|
|
Batting: RHB George Connell
|
0-0: Foul Ball, location: 2F 0-1: Ball 1-1: SOLO HOME RUN (Flyball, 8LXD, EV 108.8 MPH), Distance : 433 ft
|
|
Batting: RHB Willie Acevedo
|
0-0: Ball 1-0: SINGLE (Line Drive, 34D, EV 95.6 MPH)
|
|
Batting: RHB Gilbert Hoareau
|
0-0: Ball 1-0: Fielders Choice at 2nd, 6-4 (Groundball, 6, EV 85.6 MPH)
|
|
Pitching: RHP Tony Lupercio
|
|
|
Batting: RHB Luis Jara
|
0-0: Called Strike Gilbert Hoareau steals 2nd base 0-1: Ball 1-1: Foul Ball, location: 2F 1-2: SINGLE (Groundball, P, EV 83.8 MPH) (infield hit) Gilbert Hoareau to third
|
|
Batting: RHB Micah Logan
|
0-0: Grounds into double play, 4-6-3 (Groundball, 4, EV 85.0 MPH)
|
| Top of the 8th over - 1 run, 3 hits, 0 errors, 1 left on base; Trois-Riveres 5 - Niagara Falls 0 |
| BOTTOM OF THE 8TH |
|
Niagara Falls Phantoms batting - Pitching for Trois-Riveres Aigles : RHP Nae-wi Choe
|
|
Batting: RHB Scott Cuff
|
0-0: Ball 1-0: Ground out 5-3 (Groundball, 56S, EV 83.1 MPH)
|
|
Pinch Hitting: RHB Todd Wolters
|
0-0: Foul Ball, location: 2F 0-1: Ball 1-1: Ball 2-1: DOUBLE (Flyball, 8RD, EV 104.4 MPH)
|
|
Batting: LHB Victor Reyna
|
0-0: Ball 1-0: Ball 2-0: SINGLE (Line Drive, 9S, EV 96.2 MPH) Todd Wolters to third Runner from 3rd tries for Home, throw by RF and OUT! 9-2
|
|
Batting: RHB Jonathan Feldstein
|
0-0: Called Strike 0-1: Ball 1-1: Ball 2-1: Ball 3-1: Foul Ball, location: 2F 3-2: Foul Ball, location: 2F 3-2: Strikes out swinging
|
| Bottom of the 8th over - 0 runs, 2 hits, 0 errors, 1 left on base; Trois-Riveres 5 - Niagara Falls 0 |
| TOP OF THE 9TH |
|
Trois-Riveres Aigles batting - Pitching for Niagara Falls Phantoms : RHP Tony Lupercio
|
|
Now in LF: Hui Li
|
|
|
Batting: RHB Toshikatsu Omori
|
0-0: Called Strike 0-1: Ball 1-1: Swinging Strike 1-2: Hit by Pitch
|
|
Batting: LHB Ian Cranton
|
0-0: Foul Ball, location: 2F 0-1: Called Strike Toshikatsu Omori steals 2nd base 0-2: Ball 1-2: Ground out 4-3 (Groundball, 4, EV 81.9 MPH) Toshikatsu Omori to third
|
|
Batting: RHB Chris Davis
|
0-0: Ball 1-0: SINGLE (Line Drive, 8RS, EV 107.5 MPH) Toshikatsu Omori scores
|
|
Batting: RHB Alistair Holmes
|
0-0: SINGLE (Line Drive, 89S, EV 91.2 MPH) Chris Davis to second
|
|
Pinch Hitting: LHB Jonathan Watt
|
0-0: Ball 1-0: Ball 2-0: Swinging Strike 2-1: Ball 3-1: Base on Balls Chris Davis to third Alistair Holmes to second
|
|
Batting: RHB Willie Acevedo
|
0-0: Foul Ball, location: 2F 0-1: Ball 1-1: Ball 2-1: Swinging Strike 2-2: Ball 3-2: Strikes out looking
|
|
Batting: RHB Gilbert Hoareau
|
0-0: Called Strike 0-1: Ball 1-1: GRAND SLAM HOME RUN (Flyball, 7D, EV 96.9 MPH), Distance : 366 ft
|
|
Pitching: RHP Gene Buxton
|
|
|
Batting: RHB Luis Jara
|
0-0: Ball 1-0: Ball 2-0: Ball 3-0: Called Strike 3-1: Base on Balls
|
|
Pinch Hitting: SHB Dan Trainer
|
0-0: Ball 1-0: Ball 2-0: Called Strike 2-1: Ball 3-1: Swinging Strike 3-2: Base on Balls Luis Jara to second
|
|
Pinch Hitting: LHB Matt Pena
|
0-0: Fly out, F7 (Flyball, 7, EV 97.5 MPH)
|
| Top of the 9th over - 5 runs, 3 hits, 0 errors, 2 left on base; Trois-Riveres 10 - Niagara Falls 0 |
| BOTTOM OF THE 9TH |
|
Niagara Falls Phantoms batting - Pitching for Trois-Riveres Aigles : RHP Nae-wi Choe
|
|
Now at 1B: Jonathan Watt
|
|
|
Now at 2B: Dan Trainer
|
|
|
Now in LF: Matt Pena
|
|
|
Now in CF: Gilbert Hoareau
|
|
|
Pinch Hitting: RHB Greg Oxford
|
0-0: Swinging Strike 0-1: Ball 1-1: Ground out 6-3 (Groundball, 6MS, EV 91.2 MPH)
|
|
Pinch Hitting: RHB Jim O'Dwyer
|
0-0: Foul Ball, location: 2F 0-1: Foul Ball, location: 2F 0-2: Strikes out looking
|
|
Batting: LHB Luis Ponce
|
0-0: Ball 1-0: Called Strike 1-1: Ball 2-1: Foul Ball, location: 2F 2-2: Foul Ball, location: 2F 2-2: SINGLE (Groundball, 34S, EV 64.4 MPH) (infield hit)
|
|
Pitching: RHP Joe Elder
|
|
|
Batting: SHB Bruce Shelton
|
0-0: Ball 1-0: Ground out 4-3 (Groundball, 4, EV 102.5 MPH)
|
| Bottom of the 9th over - 0 runs, 1 hit, 0 errors, 1 left on base; Trois-Riveres 10 - Niagara Falls 0 |
|